 Dungeon Crawl Stone Soup version 0.17-a0-1378-g281efdd (webtiles) character file.

80 InterDimensionalOwl the Conjurer (level 3, -11/26 HPs)
             Began as a Demigod Conjurer on June 14, 2015.
             Mangled by Steifyn's ghost (13 damage)
             ... on level 3 of the Dungeon.
             The game lasted 00:17:42 (2519 turns).

InterDimensionalOwl the Conjurer (Demigod Conjurer) Turns: 2519, Time: 00:17:42

Health: -11/26     AC:  3    Str: 11    XL:     3   Next: 98%
Magic:  13/24      EV: 12    Int: 21    God:
Gold:   108        SH:  0    Dex: 16    Spells: 2 memorised, 4 levels left

rFire  . . .     SeeInvis .     a - staff of power
rCold  . . .     Clarity  .     d - +0 robe
rNeg   . . .     SustAt   +     (no shield)
rPois  .         Gourm    +     (no helmet)
rElec  .         Spirit   .     (no cloak)
rCorr  .         Warding  .     (no gloves)
rMut   .         Stasis   .     f - +0 pair of boots
MR     .....                    e - amulet of the gourmand
Stlth  ++........               (no ring)
                                (no ring)

@: not resistant to hostile enchantments, unstealthy
A: high mp 1, sustain attributes
a: no special abilities


You were on level 3 of the Dungeon.
You were full.

You visited 1 branch of the dungeon, and saw 3 of its levels.

You collected 108 gold pieces.

Inventory:

Hand weapons
 b - a +0 blowgun
 u - a +2 whip of electrocution
 v - a +0 dagger
 y - a +2 dagger of venom
Missiles
 h - 106 stones (quivered)
 l - 28 poisoned needles
Armour
 d - a +0 robe (worn)
 f - a +0 pair of boots (worn)
 z - a +0 robe
Magical staves
 a - an uncursed staff of power (weapon)
Jewellery
 e - an amulet of the gourmand (around neck)
 g - an uncursed ring of fire {unknown}
 k - a +3 ring of strength {unknown}
 m - a +4 ring of intelligence {unknown}
 x - an uncursed amulet of faith {unknown}
Scrolls
 r - 2 scrolls of blinking
 w - 3 scrolls of identify {unknown}
 A - a scroll of magic mapping {unknown}
Potions
 i - a potion of agility {unknown}
 n - 2 potions of curing {unknown}
 o - a potion of flight {unknown}
 q - a potion of brilliance {unknown}
 t - a potion of cancellation {unknown}
 B - a potion of degeneration {unknown}
Books
 s - a book of Conjurations

   Spells                             Type                      Level
   a - Magic Dart                     Conjuration                  1
   b - Searing Ray                    Conjuration                  2
   c - Dazzling Spray                 Conjuration/Hexes            3
   d - Fulminant Prism                Conjuration/Hexes            4
   e - Iskenderun's Mystic Blast      Conjuration                  4
   f - Iskenderun's Battlesphere      Conjuration/Charms           5
Comestibles
 c - 3 bread rations
 j - 4 fruits
 p - 2 meat rations


   Skills:
 - Level 1.7 Dodging
 - Level 1.7 Stealth
 - Level 2.6 Spellcasting
 + Level 4.7 Conjurations


You had 4 spell levels left.
You knew the following spells:

 Your Spells              Type           Power        Failure   Level  Hunger
a - Magic Dart            Conj           ###.         1%          1    None
b - Searing Ray           Conj           ###...       3%          2    ##.....


Dungeon Overview and Level Annotations

Branches:
Dungeon (3/15)

Annotations:
D:3 Steifyn's ghost, average MiWn


Innate Abilities, Weirdness & Mutations

You have an increased reservoir of magic (+10% MP).
Your attributes are resistant to harm.


Message History

Steifyn's ghost barely misses you.
The searing ray hits Steifyn's ghost.
Steifyn's ghost is moderately damaged.
Steifyn's ghost hits you!
The searing ray misses Steifyn's ghost.
Steifyn's ghost hits you!
Ouch! That really hurt!
* * * LOW HITPOINT WARNING * * *
Casting: Searing Ray
Confirm with . or Enter, or press ? or * to list all spells.
Aiming: Magic Dart
Press: ? - help, Shift-Dir - straight line, f - Steifyn's ghost
Aim: Steifyn's ghost (moderately damaged)
The magic dart hits Steifyn's ghost.
Steifyn's ghost is moderately damaged.
Steifyn's ghost misses you.
A rat comes into view.
Steifyn's ghost takes a fighting stance.
Steifyn's ghost hits you!
Ouch! That really hurt!
You die...

.######## ###.# #
####### #... #
#.....###.##
#.....##...######
#..............>#
#.....##...####.####
#.....###.## #.....
###@### #.# ######
#W# #.# #.# #.# #K#
#.# #.# #.# #.# #.#
#.# #.# #.# #.r


You could see Steifyn's ghost and a kobold.

Vanquished Creatures
  An adder (D:3)
  2 worms (D:2)
  3 giant geckos
  An orc (D:3)
  7 bats
  10 goblins
  8 hobgoblins
  7 kobolds
  3 ball pythons
  2 giant cockroaches (D:2)
  3 giant newts
  5 jackals (D:1)
  7 rats
59 creatures vanquished.

Notes
Turn   | Place    | Note
--------------------------------------------------------------
     0 | D:1      | InterDimensionalOwl the Demigod Conjurer began the quest for the Orb.
     0 | D:1      | Reached XP level 1. HP: 14/14 MP: 5/5
   443 | D:1      | Reached XP level 2. HP: 17/20 MP: 1/7
   561 | D:1      | Reached skill level 4 in Conjurations
   937 | D:1      | Reached XP level 3. HP: 18/26 MP: 0/9
  1206 | D:1      | Learned a level 2 spell: Searing Ray
  1353 | D:2      | Found a faded altar to an unknown god.
  1953 | D:3      | Found a burning altar of Makhleb.
  2506 | D:3      | Noticed Steifyn's ghost (average MiWn)
  2519 | D:3      | Mangled by Steifyn's ghost

Vault maps used:
D:1:      noname_arrival_rooms_in_the_neighbourhood, minmay_misc_feat_chi,
          minmay_close_crescents
D:2:      first_bread, ecumenical_altar_1
D:3:      bloody_makhleb

Action                   || total
-------------------------++-------
Melee: Dagger            ||    36
       Staff             ||     3
       Whip              ||     1
 Cast: Magic Dart        ||   121
       Searing Ray       ||     3
  Use: Scroll            ||     3
  Eat: Chunk             ||    18
